Map: [ESL] Moondance

Players

DnS - Winner!

  • Race: Protoss Protoss
  • Spawn Location: 6:00

Nice

  • Race: Protoss Protoss
  • Spawn Location: 12:00

Event: DreamHack SC2 Masters 2022 Valencia

VOD

Have the link to the VOD?

Description

Time

  • Played on: July 1, 2022, 1:53 p.m.
  • Length: 17:42

All games in this series

Show
View Real Time Build Order
Export as new Build Order

DnS Protoss - Winner!

Build Orders: Oracle Opening 

Get SALT Encoding   

  12  0:00  Probe  
  13  0:12  Probe  
  14  0:17  Pylon  
  14  0:24  Probe (Chrono Boost)  
  15  0:36  Probe (Chrono Boost), Gateway  
  16  0:44  Probe (Chrono Boost)  
  16  0:46  Assimilator  
  17  0:51  Probe  
  17  0:56  Assimilator  
  18  1:03  Probe (Chrono Boost)  
  19  1:08  Gateway  
  20  1:12  Probe (Chrono Boost)  
  20  1:17  Probe (Chrono Boost)  
  20  1:25  Cybernetics Core  
  21  1:29  Probe  
  22  1:35  Pylon  
  22  1:41  Probe  
  23  1:53  Probe  
  24  2:01  Stalker x2  
  28  2:02  Warp Gate  
  28  2:06  Probe  
  29  2:11  Pylon  
  29  2:21  Stargate  
  29  2:31  Adept  
  29  2:33  Adept  
  33  2:51  Shield Battery  
  33  3:01  Nexus  
  33  3:07  Oracle (Chrono Boost)  
  36  3:15  Probe  
  37  3:20  Pylon  
  37  3:25  Shield Battery  
  37  3:28  Probe  
  38  3:40  Oracle  
  35  3:50  Probe  
  35  3:55  Stalker  
  38  4:00  Stalker  
  40  4:05  Probe  
  41  4:15  Twilight Council  
  41  4:28  Probe x2 (Chrono Boost)  
  43  4:38  Probe x2 (Chrono Boost)  
  45  4:43  Probe (Chrono Boost)  
  46  4:49  Blink (Chrono Boost)  
  44  4:57  Stalker, Probe  
  44  4:58  Probe  
  43  5:10  Probe x2  
  43  5:13  Stalker, Gateway  
  47  5:22  Probe  
  47  5:23  Gateway  
  47  5:26  Stalker  
  50  5:30  Probe  
  50  5:34  Probe  
  52  5:36  Shield Battery  
  52  5:42  Probe  
  53  5:46  Probe  
  53  5:48  Stalker  
  56  5:50  Stalker  
  56  5:53  Pylon  
  56  5:54  Probe  
  59  6:03  Probe  
  60  6:05  Pylon  
  60  6:07  Probe  
  60  6:11  Stalker x2  
  65  6:15  Assimilator  
  65  6:16  Probe  
  66  6:22  Probe  
  67  6:32  Probe  
  67  6:35  Probe  
  67  6:37  Stalker x3  
  72  6:42  Pylon  
  72  6:43  Stalker  
  72  6:44  Probe  
  76  6:54  Pylon  
  76  7:00  Nexus  
  75  7:05  Stalker  
  77  7:08  Stalker  
  77  7:12  Probe x2  
  79  7:22  Stalker  
  79  7:23  Stalker  
  79  7:24  Probe  
  79  7:26  Pylon  
  79  7:27  Probe  
  85  7:38  Stalker  
  85  7:39  Stalker  
  85  7:43  Probe x2  
  85  7:44  Robotics Facility  
  91  7:56  Probe (Chrono Boost)  
  92  8:01  Probe (Chrono Boost)  
  92  8:04  Charge  
  93  8:08  Probe (Chrono Boost)  
  93  8:11  Probe (Chrono Boost)  
  95  8:15  Probe (Chrono Boost), Forge  
  95  8:16  Probe (Chrono Boost)  
  95  8:18  Pylon, Adept x2  
  102  8:21  Probe (Chrono Boost)  
  102  8:22  Probe (Chrono Boost)  
  102  8:23  Assimilator  
  102  8:25  Probe (Chrono Boost)  
  104  8:27  Probe x2 (Chrono Boost)  
  104  8:28  Pylon  
  104  8:33  Observer  
  107  8:35  Probe  
  107  8:36  Assimilator  
  107  8:38  Gateway  
  107  8:39  Probe  
  107  8:40  Protoss Ground Weapons Level 1 (Chrono Boost), Gateway  
  109  8:47  Templar Archives, Gateway  
  109  8:51  Gateway  
  109  8:57  Gateway  
  109  8:58  Gateway  
  105  9:17  Stalker x4  
  105  9:19  Photon Cannon  
  113  9:26  Nexus  
  113  9:33  Pylon, Zealot  
  113  9:35  Shield Battery  
  115  9:38  Pylon  
  115  9:45  High Templar x4  
  117  9:46  Zealot x3  
  117  9:48  Pylon  
  117  9:49  Pylon  
  117  9:50  Archon x2  
  117  9:52  Shield Battery  
  129  9:59  Pylon  
  127  10:07  Warp Prism (Chrono Boost), High Templar x2  
  127  10:08  Zealot x4  
  141  10:17  Archon  
  141  10:18  Zealot x4  
  141  10:19  Probe  
  150  10:27  Phoenix (Chrono Boost), Protoss Ground Weapons Level 2 (Chrono Boost)  
  152  10:45  Stargate  
  152  10:46  Photon Cannon, Probe x2  
  152  10:47  Probe  
  155  10:50  Phoenix (Chrono Boost)  
  155  10:54  Zealot x5  
  167  11:01  Probe x2  
  170  11:04  Probe  
  170  11:09  Phoenix (Chrono Boost)  
  169  11:26  Phoenix (Chrono Boost)  
  169  11:29  Probe x4  
  169  11:30  Phoenix (Chrono Boost)  
  177  11:38  Photon Cannon  
  177  11:40  Pylon  
  177  11:41  Probe x3  
  177  11:42  Pylon, Phoenix (Chrono Boost)  
  177  11:44  Assimilator  
  182  11:49  Phoenix (Chrono Boost)  
  182  11:52  Robotics Bay  
  182  11:53  Robotics Facility  
  184  12:00  Phoenix  
  186  12:08  Phoenix  
  188  12:09  Observer  
  188  12:12  Assimilator  
  188  12:14  Assimilator  
  189  12:17  Dark Shrine, Gateway  
  189  12:18  Gateway  
  189  12:19  Photon Cannon  
  189  12:22  Nexus  
  189  12:23  Photon Cannon, Pylon  
  189  12:34  Protoss Air Weapons Level 1 (Chrono Boost)  
  189  12:36  Photon Cannon  
  189  12:38  Disruptor  
  189  12:39  Disruptor  
  195  12:45  Phoenix x2  
  185  12:58  Zealot x10  
  149  13:13  Stalker x2  
  149  13:14  Phoenix x2  
  149  13:18  Protoss Ground Weapons Level 3 (Chrono Boost)  
  155  13:22  Probe x4  
  155  13:25  Stalker x6  
  167  13:45  Stalker x5  
  167  13:46  Stalker  
  175  14:02  Stalker x6  
  169  14:18  Fleet Beacon  
  169  14:21  Stargate  
  169  14:22  Stalker x5  
  131  14:45  Stalker  
  131  14:46  Stalker x11  
  139  14:59  Phoenix x2  
  135  15:09  Zealot x6  
  137  15:17  Stalker x3  
  125  15:33  High Templar x2  
  125  15:34  High Templar x2  
  133  15:37  Archon  
  133  15:40  Stalker x2  
  133  15:41  Archon  
  139  15:43  Zealot x4  
  147  15:50  Assimilator  
  139  15:58  Tempest x2 (Chrono Boost)  
  145  16:08  Assimilator  
  145  16:20  Zealot x12  
  169  16:32  Tempest x2  
  159  16:49  Zealot x2  
  159  16:50  Zealot x5  
  145  17:03  Shield Battery  
  145  17:06  High Templar x2  
  145  17:07  Zealot x3  
  149  17:15  Archon  
  149  17:16  Zealot x7  
Show
View Real Time Build Order
Export as new Build Order

Nice Protoss 

Build Orders: Carriers 

Get SALT Encoding   

  12  0:00  Probe  
  13  0:12  Probe  
  14  0:17  Pylon  
  14  0:24  Probe (Chrono Boost)  
  16  0:37  Probe (Chrono Boost), Gateway  
  16  0:41  Probe (Chrono Boost)  
  16  0:45  Assimilator  
  17  0:52  Probe  
  17  0:54  Assimilator  
  18  1:04  Probe (Chrono Boost)  
  19  1:06  Gateway  
  19  1:13  Probe (Chrono Boost)  
  20  1:18  Probe (Chrono Boost)  
  20  1:24  Cybernetics Core  
  21  1:30  Probe  
  22  1:36  Pylon  
  22  1:42  Probe  
  23  1:54  Probe  
  23  1:58  Warp Gate (Chrono Boost)  
  23  2:00  Adept  
  23  2:01  Adept  
  29  2:12  Pylon  
  29  2:14  Pylon  
  28  2:23  Probe  
  29  2:30  Adept  
  29  2:31  Adept  
  33  2:51  Nexus  
  33  3:03  Adept  
  33  3:04  Adept  
  36  3:13  Shield Battery  
  36  3:20  Pylon  
  37  3:27  Probe  
  37  3:31  Shield Battery  
  36  3:39  Probe  
  37  3:45  Twilight Council  
  31  3:49  Stalker  
  31  3:52  Stalker  
  33  3:55  Probe (Chrono Boost)  
  34  4:07  Probe x2 (Chrono Boost)  
  36  4:15  Stalker, Sentry  
  41  4:18  Probe x2 (Chrono Boost), Blink (Chrono Boost)  
  40  4:40  Stalker x2  
  32  5:05  Stalker  
  32  5:06  Stalker  
  33  5:08  Probe x2  
  33  5:20  Probe x2  
  35  5:29  Stalker x2  
  35  5:32  Probe x2  
  41  5:44  Probe x2  
  41  5:47  Robotics Facility  
  43  5:56  Sentry x2, Probe  
  48  5:57  Probe  
  49  6:09  Probe (Chrono Boost)  
  51  6:11  Probe (Chrono Boost)  
  51  6:12  Pylon  
  51  6:19  Stalker x2  
  51  6:24  Probe (Chrono Boost)  
  51  6:25  Probe (Chrono Boost)  
  57  6:29  Probe  
  58  6:33  Probe  
  58  6:34  Observer  
  59  6:41  Probe (Chrono Boost)  
  59  6:42  Shield Battery  
  59  6:45  Pylon  
  61  6:48  Probe (Chrono Boost)  
  62  6:56  Observer  
  62  7:01  Nexus  
  62  7:09  Probe  
  62  7:14  Immortal (Chrono Boost)  
  63  7:19  Stalker  
  63  7:21  Probe x2  
  69  7:24  Stalker  
  71  7:33  Probe x2  
  71  7:39  Assimilator  
  71  7:40  Assimilator  
  71  7:43  Forge  
  71  7:45  Probe x2  
  71  7:46  Stalker  
  75  8:00  Stalker  
  75  8:08  Nexus  
  75  8:11  Probe x2  
  77  8:16  Pylon  
  77  8:17  Pylon  
  77  8:19  Gateway  
  77  8:21  Pylon  
  77  8:23  Protoss Ground Weapons Level 1  
  77  8:25  Probe  
  78  8:30  Pylon  
  83  8:34  Probe, Immortal (Chrono Boost)  
  83  8:37  Probe  
  83  8:40  Gateway  
  82  8:45  Robotics Bay  
  82  8:46  Probe  
  83  8:49  Probe  
  83  8:52  Sentry  
  83  8:53  Sentry  
  88  8:58  Pylon, Probe  
  89  9:03  Assimilator  
  87  9:11  Probe  
  92  9:20  Stargate  
  92  9:23  Pylon  
  89  9:33  Photon Cannon  
  89  9:34  Disruptor (Chrono Boost)  
  88  9:45  Stalker x4  
  96  9:50  Gateway  
  96  9:51  Pylon  
  96  9:55  Photon Cannon  
  96  10:03  Disruptor (Chrono Boost)  
  99  10:11  Fleet Beacon  
  99  10:19  Observer  
  99  10:21  Shield Battery  
  99  10:22  Observer  
  99  10:24  Pylon  
  99  10:30  Disruptor (Chrono Boost)  
  99  10:32  Stargate  
  102  10:43  Protoss Air Weapons Level 1 (Chrono Boost)  
  102  10:44  Pylon  
  102  10:51  Nexus  
  102  10:53  Probe  
  102  10:54  Probe x2  
  102  10:55  Carrier (Chrono Boost)  
  111  11:06  Probe x2  
  111  11:07  Shield Battery  
  113  11:13  Disruptor  
  113  11:15  Photon Cannon  
  113  11:17  Shield Battery  
  114  11:24  Carrier (Chrono Boost)  
  120  11:33  Photon Cannon  
  120  11:34  Shield Battery  
  120  11:38  Photon Cannon  
  119  11:43  Carrier (Chrono Boost)  
  119  11:45  Pylon  
  125  11:52  Observer  
  126  12:01  Protoss Ground Weapons Level 2  
  126  12:07  Pylon  
  126  12:12  Carrier (Chrono Boost)  
  132  12:17  Nexus  
  133  12:27  Probe x3  
  135  12:30  Photon Cannon  
  135  12:31  Shield Battery  
  135  12:33  Pylon  
  135  12:40  Carrier (Chrono Boost)  
  136  12:56  Stalker  
  136  12:57  Stalker x3  
  142  13:02  Disruptor  
  118  13:17  Gateway  
  118  13:20  Gateway  
  118  13:23  Stalker  
  120  13:35  Disruptor (Chrono Boost)  
  123  13:42  Stalker x3  
  129  13:50  Probe x3  
  132  14:00  Zealot  
  133  14:06  Carrier  
  139  14:11  Disruptor (Chrono Boost)  
  141  14:21  Pylon  
  141  14:23  Zealot x3  
  141  14:37  Zealot  
  141  14:38  Zealot x2  
  141  14:42  Disruptor  
  108  15:01  Stalker x3  
  100  15:18  Carrier (Chrono Boost)  
  84  15:23  Stalker  
  82  15:34  Stalker x2  
  92  15:43  Disruptor (Chrono Boost)  
  92  15:46  Stalker  
  97  15:55  Stalker  
  99  15:59  Stalker  
  101  16:05  Sentry x2  
  105  16:18  Stalker  
  99  16:42  Stalker x3  
  96  17:05  Stalker x3  
  96  17:08  Disruptor (Chrono Boost)  
  105  17:28  Stalker  

Tags
 
Add a new tag
Caveats
  • Supply blocks, unpowered buildings, or Contaminate may cause inaccurate times.
  • Supply counts are checked every 10 seconds.